 Dungeon Crawl Stone Soup version 0.22.0-60-ga52c2fcf6e (webtiles) character file.

30954 Freyura the Spear-Bearer (level 13, -3/119 HPs)
             Began as a Minotaur Fighter on Sept 9, 2018.
             Was an Elder of the Shining One.
             Shot with an arrow by Nessos (4 damage)
             ... on level 4 of the Lair of Beasts on Sept 10, 2018.
             The game lasted 00:57:27 (15027 turns).

Freyura the Spear-Bearer (Minotaur Fighter)        Turns: 15027, Time: 00:57:28

Health: -3/119     AC: 14    Str: 22    XL:     13   Next: 23%
Magic:  18/18      EV: 18    Int:  6    God:    the Shining One [****..]
Gold:   1174       SH:  6    Dex: 20    Spells: 12/12 levels left

rFire    + . .     SeeInvis +   Q - +3 trident
rCold    . . .     Gourm    .   (no shield)
rNeg     + + .     Faith    .   J - +1 scale mail "Ime Buz" {Dex+3 SInv Stlth-}
rPois    .         Spirit   .   (helmet restricted)
rElec    .         Reflect  +   o - +0 cloak
rCorr    .         Harm     .   p - +2 pair of gloves
MR       .....                  (no boots)
Stlth    ..........             w - +6 amulet of reflection
HPRegen  0.29/turn              i - ring of protection from fire
MPRegen  0.16/turn              c - ring "Wuasican" {Str+2 Int+2}

@: lethally poisoned (-3 -> -18), berserk cooldown, slowed, glowing, very slow
A: retaliatory headbutt, hooves 1, horns 2, agile 1, dopey 1
a: Divine Shield, Cleansing Flame, Renounce Religion


You were on level 4 of the Lair of Beasts.
You worshipped the Shining One.
The Shining One was greatly pleased with you.
You were not hungry.

You visited 3 branches of the dungeon, and saw 17 of its levels.
You also visited: Volcano.

You collected 1174 gold pieces.

Inventory:

Hand Weapons
 Q - a +3 trident (weapon)
Armour
 o - a +0 cloak (worn)
 p - a +2 pair of gloves (worn)
 I - the +2 shield "Mobrait" {Str+2 Dex+3}
   (You acquired it on level 12 of the Dungeon)

   It affects your strength (+2).
   It affects your dexterity (+3).
 J - the +1 scale mail "Ime Buz" (worn) {Dex+3 SInv Stlth-}
   (You found it on level 1 of the Lair of Beasts)

   It affects your dexterity (+3).
   It lets you see invisible.
   It makes you less stealthy.
Jewellery
 c - the ring "Wuasican" (right hand) {Str+2 Int+2}
   (You acquired it on level 1 of the Lair of Beasts)

   [ring of intelligence]

   It affects your strength (+2).
   It affects your intelligence (+2).
 i - a ring of protection from fire (left hand)
 w - a +6 amulet of reflection (around neck)
 C - an uncursed ring of positive energy
Wands
 v - a wand of flame (18)
 y - a wand of digging (9)
 B - a wand of paralysis (13)
 G - a wand of disintegration (9)
 K - a wand of acid (7)
 L - a wand of polymorph (13)
Scrolls
 h - 4 scrolls of amnesia
 j - 4 scrolls of fear
 k - 2 scrolls of teleportation
 l - 4 scrolls of fog
 m - 6 scrolls of remove curse
 D - a scroll of identify
 E - a scroll of enchant weapon
 F - 3 scrolls of magic mapping
Potions
 a - a potion of flight {unknown}
 b - a potion of ambrosia
 d - 3 potions of might
 e - 2 potions of haste
 g - 2 potions of mutation
 q - 3 potions of curing
 s - 6 potions of agility
 x - a potion of cancellation
 z - a potion of berserk rage
 A - a potion of magic {unknown}
 H - 2 potions of heal wounds {unknown}
Comestibles
 f - 20 rations


   Skills:
 + Level 12.5 Fighting
 + Level 14.8 Polearms
 + Level 8.5 Armour
 + Level 11.0 Dodging
 + Level 8.6 Shields
 + Level 8.4 Invocations


You had 12 spell levels left.
You didn't know any spells.
Your spell library contained the following spells:

 Spells                   Type           Power        Failure   Level  Hunger
 Animate Skeleton         Necr           N/A          75%         1    ##.....
 Freeze                   Ice            #...         75%         1    ##.....
 Pain                     Necr           #...         75%         1    ##.....
 Shock                    Conj/Air       #...         75%         1    ##.....
 Swiftness                Chrm/Air       #.......     86%         2    ###....
 Throw Frost              Conj/Ice       #.....       86%         2    ###....
 Ozocubu's Armour         Chrm/Ice       #.......     98%         3    ####...
 Regeneration             Chrm/Necr      #.........   98%         3    ####...
 Static Discharge         Conj/Air       #.......     98%         3    ####...
 Vampiric Draining        Necr           #.........   98%         3    ####...
 Airstrike                Air            #.........   100%        4    #####..
 Animate Dead             Necr           N/A          100%        4    #####..
 Cause Fear               Hex            #.........   100%        4    #####..
 Summon Ice Beast         Ice/Summ       #.......     100%        4    #####..
 Throw Icicle             Conj/Ice       #.......     100%        4    #####..
 Bolt of Magma            Conj/Fire/Erth #.........   100%        5    ######.
 Iskenderun's Battlesphe  Conj/Chrm      #.......     100%        5    ######.
 Lightning Bolt           Conj/Air       #.........   100%        5    ######.
 Silence                  Hex/Air        #.........   100%        5    ######.
 Venom Bolt               Conj/Pois      #.........   100%        5    ######.
 Yara's Violent Unravell  Hex/Tmut       #.........   100%        5    ######.
 Deflect Missiles         Chrm/Air       #.........   100%        6    #######
 Iron Shot                Conj/Erth      #.........   100%        6    #######
 Orb of Destruction       Conj           #.........   100%        7    #######
 Spellforged Servitor     Conj/Summ      #.........   100%        7    #######
 Discord                  Hex            #.........   100%        8    #######


Dungeon Overview and Level Annotations

Branches:
Dungeon (12/15)            Temple (1/1) D:4            Lair (4/6) D:8
  Swamp (0/4) Lair:3        Snake (0/4) Lair:2          Orc (0/2) D:12

Altars:
Ashenzari
Cheibriados
Dithmenos
Elyvilon
Fedhas
Gozag
Hepliaklqana
Kikubaaqudgha
Makhleb
Nemelex Xobeh
Okawaru
Qazlal
Ru
Sif Muna
Trog
Uskayaw
Vehumet
Wu Jian
Xom
Yredelemnul
Zin
The Shining One

Shops:
D:11 [

Annotations:
D:5 2 transporters
Lair:4 Nessos


Innate Abilities, Weirdness & Mutations

You reflexively headbutt those who attack you in melee.
You have a pair of horns on your head.
You have large cloven feet.
You are agile. (Dex +2)
You are dopey. (Int -2)


Message History

* * * LOW HITPOINT WARNING * * *
You are too berserk!
You feel a strong urge to attack something.
You feel sick.
Nessos blinks! x2
You feel sick.
Nessos blinks!
You feel your anger nearly subside.
You feel sick.
Nessos blinks!
You are no longer berserk.
You are exhausted.
You feel yourself slow down.
* * * LOW HITPOINT WARNING * * *
You feel sick.
Nessos shoots an arrow.
The arrow hits you.
* * * LOW HITPOINT WARNING * * *
You are more poisoned.
Things that are here:
an arrow; 25 gold pieces
* * * LOW HITPOINT WARNING * * *
You feel sick.
Nessos shoots an arrow.
The arrow barely misses you.
Nessos blinks!
Nessos shoots an arrow.
The arrow hits you.
You die...

####..##...##...........##.....
#.##......###..........#####...
#...>....#.##...#......P####...
###.......##.#(...#........#..#..
.........####..........(.....###.
.......### #.................###.
.[.....# ###.........(........###
.....#.# #....................###
.........#..(..(@..§..(.......##.
......................(......###.
......................(.......#P.
.........##........$.............
..................c.†#(...(......
...................P#(..(........
.)..................##...........
<................PP..............
.....P... .....P..............


You could see Nessos.

Vanquished Creatures
  Josephine (D:11)
  3 hydras
  Harold (D:8)
  A two-headed ogre (D:12)
  Erica (D:8)
  An unseen horror (D:11)
  A hell knight (Volcano)
  A salamander mystic (Volcano)
  Pikel (D:6)
  5 salamanders (Volcano)
  A deep elf mage (D:12)
  A cyclops (D:12)
  4 manticores
  An ugly thing (D:11)
  Maurice (D:8)
  3 black mambas
  A gargoyle (D:11)
  4 spiny frogs
  A rime drake (Lair:4)
  4 komodo dragons
  A centaur skeleton (D:10)
  2 trolls
  A polar bear (Lair:2)
  2 hornets
  4 slime creatures (D:12)
  5 blink frogs (Lair:1)
  3 hippogriffs
  A shadow (D:12)
  Eustachio (D:6)
  5 wraiths (D:11)
  3 wyverns
  12 yaks
  A human (D:8)
  A hungry ghost (D:9)
  An acid dragon (D:12)
  6 porcupines
  A slave (D:6)
  4 water moccasins
  2 eyes of draining
  4 ice beasts
  5 orc warriors
  6 sky beasts
  3 black bears
  4 phantoms
  18 wolves
  An ogre (D:8)
  8 crocodiles
  14 bullfrogs
  A big kobold (D:10)
  A gnoll sergeant (D:7)
  A wyvern zombie (D:10)
  A wyvern skeleton (D:12)
  5 wights (D:12)
  4 howler monkeys
  A crimson imp (D:5)
  3 jellies
  4 hounds
  2 bullfrog zombies
  3 orc priests
  4 bullfrog skeletons
  10 orc wizards
  3 iguanas
  8 worker ants
  2 hound zombies
  A howler monkey zombie (D:6)
  4 worker ant zombies
  14 gnolls
  6 adders
  4 shadow imps
  2 oozes
  2 adder zombies
  3 worms
  A dart slug (D:3)
  9 leopard geckos
  51 orcs
  8 bats
  3 giant cockroaches
  2 goblins
  3 hobgoblins
  7 jackals
  5 quokkas
  2 ball pythons
  3 frilled lizards
  2 giant cockroach zombies (D:5)
  A jackal skeleton (D:4)
  17 kobolds
  A quokka skeleton (D:4)
  8 rats
368 creatures vanquished.

Vanquished Creatures (others)
  A cyclops (D:11)
  A centaur (D:8)
  An orc wizard (D:8)
  An orc priest (D:8)
  An orc (D:8)
5 creatures vanquished.

Grand Total: 373 creatures vanquished

Notes
Turn   | Place    | Note
-------+----------+-------------------------------------------
     0 | D:1      | Freyura the Minotaur Fighter began the quest for the Orb.
     0 | D:1      | Reached XP level 1. HP: 19/19 MP: 0/0
   321 | D:1      | Reached skill level 3 in Polearms
   321 | D:1      | Reached XP level 2. HP: 24/27 MP: 1/1
   508 | D:1      | Reached skill level 1 in Dodging
   778 | D:2      | Reached XP level 3. HP: 27/33 MP: 2/2
  1498 | D:2      | You fall through a shaft!
  1643 | D:3      | Reached skill level 4 in Polearms
  1649 | D:3      | Reached XP level 4. HP: 41/41 MP: 3/3
  2039 | D:3      | Found an iron altar of Okawaru.
  2329 | D:4      | Noticed a sky beast
  2346 | D:4      | Killed a sky beast
  2346 | D:4      | Reached skill level 5 in Polearms
  2346 | D:4      | Reached XP level 5. HP: 18/47 MP: 4/4
  2590 | D:4      | Reached skill level 5 in Fighting
  2620 | D:4      | Reached XP level 6. HP: 45/56 MP: 5/5
  2631 | D:4      | Found a staircase to the Ecumenical Temple.
  2639 | Temple   | Entered the Ecumenical Temple
  2842 | D:4      | Found a stormy altar of Qazlal.
  2910 | D:4      | Found a stormy altar of Qazlal.
  2912 | D:4      | Found a basalt altar of Yredelemnul.
  2912 | D:4      | Found a radiant altar of Vehumet.
  2914 | D:4      | Found a shimmering altar of Xom.
  2914 | D:4      | Found a sacrificial altar of Ru.
  2914 | D:4      | Found a shimmering altar of Xom.
  3033 | D:4      | Reached skill level 6 in Polearms
  3333 | D:5      | Entered Level 5 of the Dungeon
  3633 | D:5      | Found a transporter.
  3635 | D:5      | Noticed a kobold demonologist
  3713 | D:5      | Found a transporter.
  3830 | D:5      | Reached XP level 7. HP: 62/62 MP: 6/6
  3989 | D:5      | Found a sparkling altar of Nemelex Xobeh.
  4008 | D:5      | Reached skill level 7 in Polearms
  4617 | D:6      | Noticed Pikel
  4628 | D:6      | Killed Pikel
  4628 | D:6      | Reached skill level 8 in Polearms
  4628 | D:6      | Reached skill level 5 in Dodging
  4628 | D:6      | Reached XP level 8. HP: 71/71 MP: 7/7
  4803 | D:6      | Noticed Eustachio
  4813 | D:6      | Killed Eustachio
  5036 | D:7      | Reached skill level 9 in Polearms
  5346 | D:7      | Reached skill level 10 in Polearms
  5587 | D:7      | Reached XP level 9. HP: 71/81 MP: 8/8
  5614 | D:7      | Found a glowing golden altar of the Shining One.
  5617 | D:7      | Became a worshipper of the Shining One
  5992 | D:8      | Noticed Erica
  6012 | D:8      | Reached skill level 1 in Invocations
  6041 | D:8      | Killed Erica
  6041 | D:8      | Reached skill level 11 in Polearms
  6492 | D:8      | Noticed Harold
  6526 | D:8      | Killed Harold
  6528 | D:8      | Reached XP level 10. HP: 31/91 MP: 11/11
  6800 | D:8      | Noticed Maurice
  6813 | D:8      | Paralysed by a hornet for 2 turns
  6862 | D:8      | Killed Maurice
  6862 | D:8      | Reached skill level 12 in Polearms
  7141 | D:8      | Found a staircase to the Lair.
  7400 | D:9      | Noticed a manticore
  7400 | D:9      | Reached * piety under the Shining One
  7413 | D:9      | Killed a manticore
  8216 | D:10     | Entered Level 10 of the Dungeon
  8377 | D:10     | Reached skill level 10 in Fighting
  8390 | D:10     | Reached skill level 13 in Polearms
  8446 | D:10     | Reached skill level 5 in Invocations
  8751 | D:11     | Noticed an unseen horror
  8771 | D:11     | Killed an unseen horror
  8771 | D:11     | Reached XP level 11. HP: 85/100 MP: 13/13
  8914 | D:11     | You fall through a shaft!
  8949 | D:12     | Noticed a two-headed ogre
  8949 | D:12     | Reached ** piety under the Shining One
  8950 | D:12     | Noticed a four-headed hydra
  8960 | D:12     | Killed a two-headed ogre
  8968 | D:12     | Killed a four-headed hydra
  9111 | D:11     | Reached skill level 5 in Shields
  9144 | D:11     | Reached skill level 5 in Armour
  9169 | D:11     | Noticed Josephine
  9182 | D:11     | Killed Josephine
  9188 | D:11     | Noticed a red ugly thing
  9201 | D:11     | Killed a red ugly thing
  9480 | D:11     | Found Raluonga's Armour Shoppe.
  9494 | D:11     | Gained mutation: You are agile. (Dex +2) [potion of
                  | mutation]
  9494 | D:11     | Gained mutation: You are dopey. (Int -2) [potion of
                  | mutation]
  9494 | D:11     | Gained mutation: You have large cloven feet. [potion of
                  | mutation]
 10002 | D:12     | Reached *** piety under the Shining One
 10336 | D:12     | Noticed a deep elf mage
 10367 | D:12     | Killed a deep elf mage
 10367 | D:12     | Reached XP level 12. HP: 44/110 MP: 16/16
 10726 | D:12     | Found a staircase to the Orcish Mines.
 10802 | D:12     | Reached skill level 14 in Polearms
 10946 | D:12     | Reached skill level 10 in Dodging
 11370 | D:12     | Identified a scroll of acquirement
 11371 | D:12     | Got a polished shield
 11382 | D:12     | Identified the +2 shield "Mobrait" {Str+2 Dex+3} (You
                  | acquired it on level 12 of the Dungeon)
 11479 | Lair:1   | Entered Level 1 of the Lair of Beasts
 12348 | Lair:1   | Got a smoking scale mail
 12359 | Lair:1   | Identified the +1 scale mail "Ime Buz" {Dex+3 SInv Stlth-}
                  | (You found it on level 1 of the Lair of Beasts)
 13060 | Lair:1   | Got a scintillating granite ring
 13062 | Lair:1   | Identified the ring "Wuasican" {Str+2 Int+2} (You acquired
                  | it on level 1 of the Lair of Beasts)
 13080 | Lair:2   | Found a staircase to the Snake Pit.
 13760 | Lair:3   | Noticed a seven-headed hydra
 13768 | Lair:3   | Killed a seven-headed hydra
 13822 | Lair:3   | Noticed a seven-headed hydra
 13829 | Lair:3   | Killed a seven-headed hydra
 13978 | Lair:3   | Reached XP level 13. HP: 85/118 MP: 18/18
 14044 | Lair:3   | Found a staircase to the Swamp.
 14646 | Lair:4   | Found a dark tunnel.
 14653 | Volcano  | Entered a volcano
 14681 | Volcano  | Reached **** piety under the Shining One
 14993 | Lair:4   | Noticed Nessos
 15023 | Lair:4   | HP: 8/178 [poisoned by Nessos]
 15026 | Lair:4   | HP: 2/119 [Nessos/arrow (2)]
 15027 | Lair:4   | Shot with an arrow by Nessos

Skill      XL: |  1  2  3  4  5  6  7  8  9 10 11 12 13 |
---------------+----------------------------------------+-----
Polearms       | 3 4 5 6 8 10 11 13 14 | 14.8
Dodging        | 1 2 3 5 6 7 8 9 10 11 | 11.0
Fighting       | 4 5 6 7 9 10 11 12 | 12.5
Invocations    | 3 5 6 8 |  8.4
Armour         | 6 8 |  8.5
Shields        | 6 8 |  8.6

Action                   |  1- 3 |  4- 6 |  7- 9 | 10-12 | 13-15 || total
-------------------------+-------+-------+-------+-------+-------++-------
Melee: Trident           |   115 |   158 |   322 |   894 |    92 ||  1581
       Headbutt          |     8 |    26 |    66 |   211 |    14 ||   325
       Kick              |       |       |       |   195 |    26 ||   221
  Use: Scroll            |       |     8 |     1 |    15 |     2 ||    26
       Potion            |       |       |     1 |     2 |     3 ||     6
  Eat: Ration            |     2 |     2 |     2 |     8 |       ||    14
       Chunk             |       |       |     1 |     1 |       ||     2
Armor: Scale mail        |    21 |       |       |    20 |     5 ||    46
       Chain mail        |     9 |    59 |    36 |   129 |       ||   233
Dodge: Dodged            |    29 |    25 |    42 |   133 |    20 ||   249
Block: Shield            |    49 |    69 |   180 |   456 |    42 ||   796
       Reflection        |       |       |     1 |    13 |     2 ||    16
       Other             |       |       |       |       |     6 ||     6
